 Dungeon Crawl Stone Soup version 0.30-a0-2-gf48d83f5e2 (webtiles) character file.

Game seed: 16343607020768305246

95 KleinerIrrer the Shooter (level 4, 0/58 HPs)
             Began as a Naga Hunter on Aug 19, 2022.
             Succumbed to an adder's poison
             ... on level 2 of the Dungeon.
             The game lasted 00:04:58 (1972 turns).

KleinerIrrer the Shooter (Naga Hunter)              Turns: 1972, Time: 00:04:59

Health: 0/58       AC: 22    Str: 11 (13) XL:     4   Next: 65%
Magic:  4/4        EV:  1    Int:  8 (11) God:
Gold:   74         SH:  0    Dex: 12 (15) Spells: 3/3 levels left

rFire   . . .      SeeInvis +    a - +0 shortbow
rCold   . . .      Faith    .    (shield currently unavailable)
rNeg    . . .      Spirit   .    (body armour currently unavailable)
rPois   +          Reflect  .    (helmet currently unavailable)
rElec   .          Harm     .    (cloak currently unavailable)
rCorr   .          Rampage  .    (gloves currently unavailable)
Will    .....      NoTele   +    (no barding)
Stlth   ++........               (no amulet)
HPRegen 0.19/turn                (no ring)
MPRegen 0.09/turn                (no ring)

@: lethally poisoned (0 -> -4), tree-form
A: stationary, stasis, torment immunity, boosted hp, AC +1, large, see
invisible, (deformed body), (poison resistance), (slowness 2), spit poison 1,
(naga tail 1)
a: Spit Poison


You were on level 2 of the Dungeon.
You were a tree.
You visited 1 branch of the dungeon, and saw 3 of its levels.

You collected 96 gold pieces.
You spent 22 gold pieces at shops.

Inventory:

Hand Weapons
 a - a +0 shortbow (weapon)
Armour
 c - a +0 leather armour (melded)
Jewellery
 e - a +4 ring of protection
Scrolls
 b - a scroll of immolation
 d - a scroll of amnesia {unknown}
 i - a scroll of fear {unknown}
 j - a scroll of blinking {unknown}
 n - a scroll of poison {unknown}
Potions
 f - 4 potions of attraction
 k - a potion of invisibility {unknown}
 l - a potion of curing {unknown}
 m - a potion of cancellation {unknown}


   Skills:
 - Level 2.0 Fighting
 + Level 5.4 Ranged Weapons
 - Level 1.5 Dodging
 - Level 1.5 Stealth


You had 3 spell levels left.
You didn't know any spells.
Your spell library contained the following spells:

 Spells                   Type           Power      Damage    Failure   Level
 Gell's Gravitas          Tloc           0%         N/A       78%         3
 Teleport Other           Tloc           0%         N/A       78%         3
 Dispersal                Tloc           0%         N/A       100%        6


Dungeon Overview and Level Annotations

Branches:
Dungeon (3/15)

Altars:

Shops:
D:1 (   D:2 *

Annotations:
D:2 exclusion: downstairs


Innate Abilities, Weirdness & Mutations

You are a tree.
Your roots penetrate the ground, keeping you stationary.
You cannot be teleported.
You are immune to unholy pain and torment.
Your maximum health is greatly increased.
Your equipment is partially melded.
((Your serpentine skin is tough. (AC +1)))
You have supernaturally acute eyesight. (SInv)
((Armour fits poorly on your strangely shaped body.))
((Your system is resistant to poisons. (rPois)))
((You cover ground very slowly.))
You can spit poison.
((You have a snake-like lower body.))


Message History

The orc hits you with a +0 club.
* * * LOW HITPOINT WARNING * * *
Okay, then.
Okay, then.
Fire: a) +0 shortbow
Press: ? - help, Shift-Dir - straight line, f/p - orc
Aim: an orc, wielding a +0 club (62% to hit)
You shoot an arrow. The arrow barely misses the orc.
The adder bites you.
* * * LOW HITPOINT WARNING * * *
The orc barely misses you.
Unknown command.
Fire: a) +0 shortbow
Press: ? - help, Shift-Dir - straight line, f/p - orc
Aim: an orc, wielding a +0 club (62% to hit)
You shoot an arrow. The arrow barely misses the orc.
The adder bites you.
* * * LOW HITPOINT WARNING * * *
The orc hits you but does no damage. The adder bites you but does no damage.
Unknown command.
Fire: a) +0 shortbow
Press: ? - help, Shift-Dir - straight line, f/p - orc
Aim: an orc, wielding a +0 club (62% to hit)
You shoot an arrow. The arrow hits the orc.
The orc is moderately wounded.
The adder bites you.
* * * LOW HITPOINT WARNING * * *
The orc closely misses you. The adder bites you.
* * * LOW HITPOINT WARNING * * *
You are lethally poisoned!
The adder poisons you!
It was a potion of lignification.
You turn into a tree.
Your +0 leather armour melds into your body.
Your roots penetrate the ground.
* * * LOW HITPOINT WARNING * * *
You feel sick. The orc hits you with a +0 club.
* * * LOW HITPOINT WARNING * * *
The adder bites you but does no damage.
It was a potion of degeneration.
There was something very wrong with that liquid.
You feel weakened.
You feel dopey.
You feel clumsy.
You die...

########
##♣.....##
##So......##
#..........#
#..........#
##
#..........#
.#
#..........#
.#
#..........#
.###
##......<.##
...#
##........##


You could see an adder and an orc.

Vanquished Creatures
  3 adders (D:2)
  A worm (D:2)
  A dart slug (D:1)
  7 orcs
  5 endoplasms
  7 goblins
  8 hobgoblins
  2 quokkas (D:2)
  5 ball pythons
  A bat (D:2)
  2 frilled lizards
  2 kobolds
  8 rats
52 creatures vanquished.

Notes
Turn   | Place    | Note
-------+----------+-------------------------------------------
     0 | D:1      | KleinerIrrer the Naga Hunter began the quest for the Orb.
     0 | D:1      | Reached XP level 1. HP: 19/19 MP: 1/1
   227 | D:1      | Reached skill level 4 in Ranged Weapons
   227 | D:1      | Reached XP level 2. HP: 26/26 MP: 2/2
   487 | D:1      | Found Nathatreba's Weapon Boutique.
   703 | D:2      | Reached XP level 3. HP: 32/32 MP: 3/3
   912 | D:2      | Found Naskad's General Store.
   938 | D:2      | Bought a scroll of identify for 22 gold pieces
  1060 | D:2      | Found a faded altar of an unknown god.
  1233 | D:2      | Reached skill level 5 in Ranged Weapons
  1297 | D:2      | Reached XP level 4. HP: 39/39 MP: 4/4
  1971 | D:2      | HP: 2/58 [poisoned by an adder]
  1972 | D:2      | Succumbed to an adder's poison

Illustrated notes

Levels and vault maps discovered:
D:1:      ncdulo_halloftheorcs, layout_basic, serial_shops,
          nicolae_shop_bloodbath_and_beyond
D:2:      layout_rooms, chequers_ecumenical_altar_grove, serial_shops,
          nicolae_shop_hallway_plus
D:3:      layout_rooms, minmay_crystal_room

Skill      XL: |  1  2  3 |
---------------+----------+-----
Ranged Weapons | 4 5 |  5.4
Fighting       | |  2.0
Dodging        | |  1.5
Stealth        | |  1.5

Action                   |  1- 3 |  4- 6 || total
-------------------------+-------+-------++-------
 Fire: Shortbow          |    81 |    66 ||   147
 Abil: Spit Poison       |     2 |       ||     2
  Use: Scroll            |     1 |       ||     1
       Potion            |       |     2 ||     2
Armor: Leather armour    |     5 |    15 ||    20
       Skin              |       |     1 ||     1
Dodge: Dodged            |    15 |    43 ||    58

Table legend: (Time is in decaauts)
 A = Elapsed time spent in this place.
 B = Non-inter-level travel time spent in this place.
 C = Inter-level travel time spent in this place.
 D = Time resting spent in this place.
 E = Time spent auto-exploring this place.
 F = Levels seen in this place.
 G = Mean time per level.
                   A        B        C        D        E       F      G
               +--------+--------+--------+--------+--------+-----+--------+
         Total |   2437 |   2313 |    124 |    304 |   1691 |   3 |  812.3 |
       Dungeon |   2437 |   2313 |    124 |    304 |   1691 |   3 |  812.3 |
               +--------+--------+--------+--------+--------+-----+--------+

Top non-repeatable levels by time:
     D:2: 1541 daAuts
     D:1: 819 daAuts
     D:3: 76 daAuts
